 Dungeon Crawl Stone Soup version 0.27-a0-1188-g73eefd5def (webtiles) character file.

Game seed: 13951502540209566403

834 mandarbmax the Ruffian (level 7, -2/67 HPs)
             Began as a Troll Monk on May 22, 2021.
             Slain by a hound (3 damage)
             ... on level 6 of the Dungeon.
             The game lasted 00:06:49 (2771 turns).

mandarbmax the Ruffian (Troll Monk)                 Turns: 2771, Time: 00:06:52

Health: -2/67      AC:  4    Str: 22    XL:     7   Next: 66%
Magic:  6/6        EV: 10    Int:  6    God:
Gold:   149        SH:  0    Dex: 12    Spells: 6/6 levels left

rFire    . . .     SeeInvis .     - Unarmed
rCold    . . .     Faith    .   (no shield)
rNeg     . . .     Spirit   .   a - +0 robe
rPois    .         Reflect  .   (helmet restricted)
rElec    .         Harm     .   (no cloak)
rCorr    .         Rampage  .   (gloves unavailable)
Will     .....                  (boots unavailable)
Stlth    ++........             (no amulet)
HPRegen  1.21/turn              (no ring)
MPRegen  0.10/turn              (no ring)

@: attractive
A: large, unfitting armour, claws 3, regeneration 1, shaggy fur 1, tough skin 1
a: no special abilities


You were on level 6 of the Dungeon.
You visited 1 branch of the dungeon, and saw 5 of its levels.
You also visited: Sewer.

You collected 149 gold pieces.

Inventory:

Missiles
 b - 3 silver javelins
 c - 2 curare-tipped darts
 e - 5 poisoned darts
 g - 4 large rocks (quivered)
Armour
 a - a +0 robe (worn)
Jewellery
 m - a ring of poison resistance
Wands
 i - a wand of digging (4)
Scrolls
 d - 2 scrolls of magic mapping
 f - a scroll of teleportation
 j - a scroll of enchant weapon {unknown}
 n - a scroll of identify {unknown}
 o - a scroll of acquirement {unknown}
Potions
 l - a potion of curing
 p - a potion of degeneration {unknown}


   Skills:
 - Level 3.0 Fighting
 + Level 3.5 Throwing
 - Level 3.0 Dodging
 - Level 1.0 Stealth
 * Level 7.6 Unarmed Combat


You had 6 spell levels left.
You didn't know any spells.
Your spell library was empty.

Dungeon Overview and Level Annotations

Branches:
Dungeon (4/15)              Sewer (visited)
 Temple: D:4-7

Altars:

Shops:
D:6 *


Innate Abilities, Weirdness & Mutations

You are too large for most types of armour.
You have claws for hands.
Your natural rate of healing is unusually fast.
You are covered in fur. (AC +1)
You have tough skin. (AC +1)


Message History

The hound is moderately wounded.
The hound barely misses you.
The orc warrior hits you from afar with a +0 trident!
The hound barely misses you.
You scratch the hound but do no damage.
The hound is moderately wounded.
The orc warrior hits you from afar with a +0 trident!
The hound bites you but does no damage.
You are too injured to fight recklessly!
You are too injured to fight recklessly!
You are too injured to fight recklessly!
You are too injured to fight recklessly!
You are too injured to fight recklessly!
You are too injured to fight recklessly!
You are too injured to fight recklessly!
You are too injured to fight recklessly!
You are too injured to fight recklessly!
You are too injured to fight recklessly!
You are too injured to fight recklessly!
You are too injured to fight recklessly!
You are too injured to fight recklessly!
You are too injured to fight recklessly!
You are too injured to fight recklessly!
You are too injured to fight recklessly!
You are too injured to fight recklessly!
You are too injured to fight recklessly!
You are too injured to fight recklessly!
Unknown command.
It was a potion of attraction.
You feel attractive to monsters. The hound bites you but does no damage.
The orc warrior hits you from afar with a +0 trident!
* * * LOW HITPOINT WARNING * * *
It was a potion of magic.
Magic courses through your body. The hound closely misses you.
The orc warrior hits you from afar with a +0 trident!
* * * LOW HITPOINT WARNING * * *
The orc priest hits you but does no damage.
The orc hits you but does no damage. The hound bites you.
You die...

...........##..)...#
#......###.###....##
##.###............#.
#..##....##.#....##
#..#.......## ...©#
#...........#>...##
#..#.......^.....
##.#..##...###.##.).
...>.oo@...# ## ..#
##.8.oho=8...# ..
#...#.....##..... .
......###.# .##..
...... .(. . .
....<. .#.. >. .....
## #.. .. ##... ...


You could see an orc warrior, a hound, 2 orc priests and an orc.

Vanquished Creatures
  A necrophage (D:6)
  6 kobold brigands (Sewer)
  A water moccasin zombie (D:6)
  A hound (D:6)
  Jessica (D:3)
  Ijyb (D:3)
  Robin (D:3)
  A gnoll (D:2)
  5 river rats
  4 adders
  3 worms
  2 dart slugs (D:1)
  2 orcs
  7 bats
  12 endoplasms
  2 giant cockroaches (D:2)
  12 hobgoblins
  4 jackals (D:3)
  7 kobolds
  3 quokkas
  8 ball pythons
  A frilled lizard (D:2)
  10 goblins
  10 rats
105 creatures vanquished.

Notes
Turn   | Place    | Note
-------+----------+-------------------------------------------
     0 | D:1      | mandarbmax the Troll Monk began the quest for the Orb.
     0 | D:1      | Reached XP level 1. HP: 22/22 MP: 0/0
   177 | D:1      | Reached XP level 2. HP: 27/29 MP: 1/1
   587 | D:2      | You fall into a shaft and drop 1 floor!
   639 | D:3      | Reached XP level 3. HP: 36/36 MP: 2/2
   830 | D:3      | Found a glowing drain.
   841 | D:3      | Reached skill level 4 in Unarmed Combat
   846 | Sewer    | Entered a sewer
   900 | Sewer    | Noticed a kobold brigand
   922 | Sewer    | Killed a kobold brigand
   923 | Sewer    | Reached XP level 4. HP: 45/45 MP: 3/3
   961 | Sewer    | Reached XP level 5. HP: 53/53 MP: 4/4
  1047 | Sewer    | Reached skill level 1 in Throwing
  1047 | Sewer    | Reached skill level 5 in Unarmed Combat
  1054 | Sewer    | Reached XP level 6. HP: 38/61 MP: 5/5
  1264 | Sewer    | Reached skill level 6 in Unarmed Combat
  1526 | Sewer    | Reached XP level 7. HP: 55/67 MP: 6/6
  1711 | D:3      | Noticed Jessica
  1718 | D:3      | Killed Jessica
  1777 | D:3      | Noticed Robin
  1779 | D:3      | Noticed Ijyb
  1790 | D:3      | Killed Robin
  1803 | D:3      | Killed Ijyb
  1804 | D:3      | Reached skill level 7 in Unarmed Combat
  2717 | D:4      | You fall into a shaft and drop 2 floors!
  2754 | D:6      | Found Riromik's General Store.
  2771 | D:6      | HP: 1/67 [orc warrior/+0 trident (15)]
  2771 | D:6      | Slain by a hound

Illustrated notes

Levels and vault maps discovered:
D:1:      scummos_arrival_simple_fountains, layout_basic, minmay_pentomino_v2
D:2:      layout_basic, minmay_vboxes
D:3:      layout_basic, cheibrodos_sewer_entry_sluice, uniq_robin, uniq_jessica,
          uniq_ijyb
D:4:      layout_cave_pools, serial_column_ruins, column_ruins_square_medium,
          column_ruins_circle_small, column_ruins_grid_3,
          column_ruins_open_small_water, column_ruins_open_medium
D:6:      layout_cave_pools, serial_shops, shop_statue,
          gammafunk_ghost_stat_death, minmay_misc_feat_square

Skill      XL: |  1  2  3  4  5  6  7 |
---------------+----------------------+-----
Unarmed Combat | 4 5 6 7 |  7.6
Fighting       | 3 |  3.0
Dodging        | 3 |  3.0
Throwing       | 1 2 3 |  3.5
Stealth        | |  1.0

Action                   |  1- 3 |  4- 6 |  7- 9 || total
-------------------------+-------+-------+-------++-------
Melee: Unarmed           |    85 |    65 |   101 ||   251
       Punch             |     2 |     1 |       ||     3
Throw: Dart              |       |    43 |    17 ||    60
       Javelin           |       |     2 |       ||     2
       Large rock        |       |       |     1 ||     1
  Use: Scroll            |     2 |     1 |       ||     3
       Potion            |       |     5 |     2 ||     7
 Stab: Sleeping          |     1 |     1 |     1 ||     3
       Distracted        |       |       |     1 ||     1
Armor: Robe              |    23 |    11 |    36 ||    70
Dodge: Dodged            |    37 |    25 |    53 ||   115

Table legend: (Time is in decaauts)
 A = Elapsed time spent in this place.
 B = Non-inter-level travel time spent in this place.
 C = Inter-level travel time spent in this place.
 D = Time resting spent in this place.
 E = Time spent auto-exploring this place.
 F = Levels seen in this place.
 G = Mean time per level.
                   A        B        C        D        E       F      G
               +--------+--------+--------+--------+--------+-----+--------+
         Total |   2944 |   2872 |     72 |     21 |   1974 |   6 |  490.7 |
       Dungeon |   1931 |   1859 |     72 |      0 |   1249 |   5 |  386.2 |
         Sewer |   1013 |   1013 |      0 |     21 |    725 |   1 | 1013.0 |
               +--------+--------+--------+--------+--------+-----+--------+

Top non-repeatable levels by time:
   Sewer: 1013 daAuts
     D:2: 762 daAuts
     D:3: 597 daAuts
     D:1: 507 daAuts
     D:6: 52 daAuts
     D:4: 12 daAuts
